 Dungeon Crawl Stone Soup version 0.31-a0-1555-g5715333c33 (webtiles) character file.

Game seed: 9796733243894588295

1666 Descartes the Geomancer (level 9, -3/57 HPs)
             Began as a Formicid Earth Elementalist on Jan 3, 2024.
             Was an Elder of Lugonu.
             Slain by a wyvern (16 damage)
             ... on level 7 of the Dungeon.
             The game lasted 00:18:39 (6888 turns).

Descartes the Geomancer (FoEE)                      Turns: 6888, Time: 00:18:39

Health: -3/57      AC:  5    Str: 16    XL:     9   Next: 20%
Magic:  8/16       EV: 12    Int: 22    God:    Lugonu [****..]
Gold:   183        SH:  0    Dex: 27    Spells: 14/18 levels left

rFire   x . .        w - +0 sling
rCold   + . .        (no shield)
rNeg    . . .        G - +2 leather armour of Submission {Dex+5}
rPois   .            (helmet unavailable)
rElec   .            (no cloak)
rCorr   .            (no gloves)
SInv    +            (no boots)
Will    .....        i - amulet of regeneration
Stlth   +++          j - +6 ring of intelligence
HPRegen 1.09/turn    z - ring of Intercession {Ice Dex+8}
MPRegen 0.15/turn

%: no passive effects
@: no status effects
A: permanent stasis, dig shafts and tunnels, antennae 3, four strong arms
a: Dig, Shaft Self, Renounce Religion, Depart the Abyss, Banish, Corrupt


You were on level 7 of the Dungeon.
You worshipped Lugonu.
Lugonu was greatly pleased with you.
You visited 2 branches of the dungeon, and saw 8 of its levels.
You also visited: Sewer.

You collected 361 gold pieces.
You spent 178 gold pieces at shops.

Inventory:

Hand Weapons
 q - a +0 arbalest
 w - a +0 sling (weapon)
 x - a +0 dagger of flaming
 B - a +4 hand axe
Missiles
 o - 6 poisoned darts
 D - a throwing net
Armour
 a - a +0 robe
 e - a +0 chain mail
 G - the +2 leather armour of Submission (worn) {Dex+5}
   (You found it on level 7 of the Dungeon)

   Dex+5:     It affects your dexterity (+5).
Jewellery
 d - an amulet of guardian spirit
 i - an amulet of regeneration (around neck)
 j - a +6 ring of intelligence (left hand)
 z - the ring of Intercession (right hand) {Ice Dex+8}
   (You bought it in a shop on level 5 of the Dungeon)

   [ring of ice]

   Ice:       It enhances your ice magic.
   Dex+8:     It affects your dexterity (+8).
   rF-:       It makes you vulnerable to fire.
   rC+:       It protects you from cold.
Wands
 t - a wand of flame (6)
 C - a wand of roots (5)
 E - a wand of acid (10)
 I - a wand of polymorph (5)
Scrolls
 h - 6 scrolls of immolation
 k - 3 scrolls of teleportation
 m - 2 scrolls of noise
 u - 2 scrolls of poison
 v - 2 scrolls of blinking
 y - a scroll of fear
 A - 2 scrolls of identify
 H - a scroll of enchant armour {unknown}
Potions
 b - 2 potions of magic
 c - 5 potions of mutation
 f - a potion of heal wounds
 g - 8 potions of enlightenment
 l - 3 potions of lignification
 n - a potion of brilliance {unknown}
 p - a potion of attraction {unknown}
 r - 2 potions of curing {unknown}
 s - 2 potions of invisibility {unknown}
 F - a potion of ambrosia {unknown}


   Skills:
 + Level 0.0 Fighting
 - Level 5.0 Armour
 - Level 1.7 Dodging
 - Level 2.4 Stealth
 + Level 0.0 Shields
 - Level 5.0 Spellcasting
 - Level 0.8 Conjurations
 + Level 11.3 Earth Magic


You had 14 spell levels left.
You knew the following spells:

 Your Spells              Type           Power      Damage    Failure   Level
a - Sandblast             Erth           100%       2d20      1%          1
b - Stone Arrow           Conj/Erth      64%        3d11      3%          3

Your spell library contained the following spells:

 Spells                   Type           Power      Damage    Failure   Level
 Passwall                 Erth           53%        N/A       1%          3
 Lee's Rapid Deconstruct  Erth           26%        3d14*     3%          5
 Brom's Barrelling Bould  Conj/Erth      32%        2d5       10%         4
 Summon Small Mammal      Summ           20%        N/A       12%         1
 Animate Armour           Summ/Erth      60%        N/A       12%         4
 Petrify                  Alch/Erth      30%        N/A       12%         4
 Momentum Strike          Conj/Tloc      14%        3d8       16%         2
 Static Discharge         Conj/Air       14%        3-4/arc   16%         2
 Cigotuvi's Dreadful Rot  Necr/Alch/Air  10%        N/A       19%         2
 Lesser Beckoning         Tloc           10%        N/A       19%         2
 Call Canine Familiar     Summ           5%         N/A       34%         3
 Inner Flame              Hex/Fire       5%         N/A       34%         3
 Airstrike                Air            2%         2d(1-17)  75%         4
 Dispel Undead            Necr           5%         3d7       75%         4
 Martyr's Knell           Necr/Summ      5%         N/A       75%         4
 Summon Blazeheart Golem  Fire/Summ      5%         N/A       75%         4
 Summon Lightning Spire   Summ/Air       5%         N/A       75%         4
 Arcjolt                  Conj/Air       3%         1d13      95%         5
 Irradiate                Conj/Alch      3%         3d12      95%         5
 Death Channel            Necr           2%         N/A       100%        6
 Haunt                    Necr/Summ      2%         N/A       100%        7
 Borgnjor's Revivificati  Necr           2%         N/A       100%        8
 Ignition                 Fire           2%         3d3       100%        8
 Maxwell's Capacitive Co  Air            2%         ∞         100%        8
 Death's Door             Necr           2%         N/A       100%        9
 Blink                    Tloc           Unusable   N/A       N/A         2
 Vhi's Electric Charge    Tloc/Air       Unusable   N/A       N/A         4

Dungeon Overview and Level Annotations

Branches:
Dungeon (7/15)             Temple (1/1) D:6           Sewer (visited)

Altars:
Ashenzari
Cheibriados
Dithmenos
Elyvilon
Fedhas
Gozag
Hepliaklqana
Kikubaaqudgha
Makhleb
Nemelex Xobeh
Okawaru
Qazlal
Ru
Sif Muna
Trog
Uskayaw
Wu Jian
Xom
Yredelemnul
Zin
The Shining One
Lugonu

Shops:
D:4 (   D:5 ?**

Annotations:
Temple 4 transporters


Innate Abilities, Weirdness & Mutations

You cannot be hasted, slowed, berserked, paralysed or teleported.
You can dig through walls and to a lower floor.
You have a pair of large antennae on your head. (SInv)
Your four strong arms can wield two-handed weapons with a shield.


Message History

Confirm with . or Enter, or press ? or * to list all spells.
Aiming: Stone Arrow (dangerous; 3% risk of failure)
Press: ? - help, Shift-Dir - straight line, f/p - orc warrior
Aim: an orc warrior, wielding a +1 trident of venom and wearing a +0 plate armour (74% to hit)
The stone arrow hits the orc warrior!
The orc warrior is moderately wounded.
The wyvern hisses angrily.
An orc comes into view. It is wielding a +0 falchion.
Casting: Stone Arrow (dangerous; 3% risk of failure)
Confirm with . or Enter, or press ? or * to list all spells.
Aiming: Stone Arrow (dangerous; 3% risk of failure)
Press: ? - help, Shift-Dir - straight line, f/p - orc warrior
Aim: an orc warrior, wielding a +1 trident of venom and wearing a +0 plate armour (moderately wounded, 74% to hit)
The stone arrow hits the wyvern!
The wyvern is heavily wounded.
The orc shouts!
The orc wizard shouts!
Casting: Stone Arrow (dangerous; 3% risk of failure)
Confirm with . or Enter, or press ? or * to list all spells.
Aiming: Stone Arrow (dangerous; 3% risk of failure)
Press: ? - help, Shift-Dir - straight line, f/p - orc warrior
Aim: an orc warrior, wielding a +1 trident of venom and wearing a +0 plate armour (moderately wounded, 74% to hit)
The stone arrow hits the wyvern!
The wyvern is almost dead.
The wyvern barely misses you.
The wyvern bites you but does no damage.
The orc warrior attacks as it pursues you!
The orc warrior hits you from afar with a +1 trident of venom!
The orc priest calls down the wrath of Beogh upon you.
Beogh smites you!
The orc warrior attacks as it pursues you!
The orc warrior hits you from afar with a +1 trident of venom!
The wyvern attacks as it pursues you! The wyvern bites you!
* * * LOW HITPOINT WARNING * * *
The orc warrior attacks as it pursues you!
The orc warrior closely misses you.
The wyvern bites you but does no damage.
The wyvern bites you!
* * * LOW HITPOINT WARNING * * *
The wyvern attacks as it pursues you! The wyvern bites you!
You die...

#### # ..####### #
##.#####>#.....# #
.....##.#.###.# # #.
#........#.## #
#.##.##.....<..# #
#....##........###### #
#........##..........
#)##.##@###.#####..#.###
#......k# #........#....
#.##.##.# ########.#..##
#...o# ........†....
#....# .............
###..o###........#...#
#....o..#............#
#.......#.#........##...
###.##o##o#........##..#


You could see an orc warrior, a wyvern, an orc priest and an orc.

Vanquished Creatures
  Grinder (D:4)
  Eustachio (D:5)
  An ice beast (D:5)
  A water moccasin (D:6)
  A sky beast (D:6)
  2 ogres
  A phantom (D:5)
  A bullfrog (D:5)
  2 scorpions
  3 howler monkeys
  A bombardier beetle (D:4)
  A jelly (D:5)
  2 hounds
  An orc priest (D:6)
  A sleepcap (D:5)
  An iguana (D:4)
  An orc wizard (D:5)
  Robin (D:3)
  3 gnolls (D:6)
  9 adders
  A river rat (Sewer)
  A white imp (D:7)
  2 ufetubi (D:5)
  3 dart slugs
  2 ribbon worms
  11 orcs
  16 bats
  5 endoplasms
  6 giant cockroaches
  12 goblins
  8 hobgoblins
  11 jackals
  3 quokkas
  15 ball pythons
  4 frilled lizards
  3 kobolds
  7 rats
145 creatures vanquished.

Notes
Turn   | Place    | Note
-------+----------+-------------------------------------------
     0 | D:1      | Descartes the Formicid Earth Elementalist began the quest
                  | for the Orb.
     0 | D:1      | Reached XP level 1. HP: 13/13 MP: 3/3
   108 | D:1      | Found a faded altar of an unknown god.
   173 | D:1      | Prayed at the altar of an unknown god.
   173 | D:1      | Became a worshipper of Lugonu the Unformed
   173 | D:1      | Reached * piety under Lugonu
   397 | D:1      | Reached XP level 2. HP: 9/19 MP: 0/5
   431 | D:1      | Reached skill level 4 in Earth Magic
  1006 | D:2      | Found a broken altar of Ashenzari.
  1182 | D:2      | Reached XP level 3. HP: 24/24 MP: 7/7
  2035 | D:3      | Reached ** piety under Lugonu
  2161 | D:3      | Reached XP level 4. HP: 26/30 MP: 0/8
  2362 | D:3      | Found a glowing drain.
  2366 | Sewer    | Entered a sewer
  2432 | Sewer    | Reached skill level 5 in Earth Magic
  2950 | Sewer    | Reached *** piety under Lugonu
  2951 | Sewer    | Reached XP level 5. HP: 22/27 MP: 5/10
  4026 | D:3      | Noticed Robin
  4029 | D:3      | Killed Robin
  4043 | D:3      | Reached XP level 6. HP: 37/37 MP: 0/12
  4240 | D:3      | Found a bloodstained altar of Trog.
  4408 | D:4      | Found a sacrificial altar of Ru.
  4516 | D:4      | Reached skill level 6 in Earth Magic
  4549 | D:4      | Identified the +0 ring mail of Indomitability {Int+3 SInv}
  4590 | D:4      | Found Gionuruy's Antique Weapon Shoppe.
  4812 | D:4      | Reached **** piety under Lugonu
  4854 | D:4      | Noticed Grinder
  4860 | D:4      | Killed Grinder
  4861 | D:4      | Reached skill level 5 in Spellcasting
  4861 | D:4      | Reached skill level 7 in Earth Magic
  4861 | D:4      | Reached XP level 7. HP: 46/46 MP: 9/14
  4955 | D:5      | Entered Level 5 of the Dungeon
  4976 | D:5      | Reached skill level 8 in Earth Magic
  5034 | D:5      | Reached skill level 9 in Earth Magic
  5034 | D:5      | Reached XP level 8. HP: 52/52 MP: 10/15
  5039 | D:5      | Learned a level 3 spell: Stone Arrow
  5108 | D:5      | Noticed Eustachio
  5111 | D:5      | Found Nijauduf's Assorted Antiques.
  5119 | D:5      | Killed Eustachio
  5124 | D:5      | Bought a brightly glowing turquoise ring for 130 gold
                  | pieces
  5124 | D:5      | Identified the ring of Intercession {Ice Dex+8} (You bought
                  | it in a shop on level 5 of the Dungeon)
  5243 | D:5      | Reached skill level 1 in Armour
  5243 | D:5      | Reached skill level 10 in Earth Magic
  5261 | D:5      | Found Fyduina's Magic Scroll Shoppe.
  5530 | D:5      | Found Efycie's General Store.
  5538 | D:5      | Bought a scroll of identify for 26 gold pieces
  5575 | D:5      | Bought a scroll of identify for 22 gold pieces
  5962 | D:6      | Found a staircase to the Ecumenical Temple.
  5966 | D:6      | Reached XP level 9. HP: 57/57 MP: 13/16
  5972 | Temple   | Found a transporter.
  5972 | Temple   | Found a transporter.
  5972 | Temple   | Found a transporter.
  5972 | Temple   | Found a transporter.
  5972 | Temple   | Entered the Ecumenical Temple
  6177 | D:6      | Reached skill level 11 in Earth Magic
  6626 | D:7      | Identified the +2 leather armour of Submission {Dex+5}
  6809 | D:7      | Reached skill level 5 in Armour
  6888 | D:7      | Slain by a wyvern

Illustrated notes

Levels and vault maps discovered:
D:1:      doesnt_arrival_eight_statues, layout_loops_ring,
          hellmonk_ecumenical_altar_arch_garden
D:2:      layout_basic, basic_altar
D:3:      layout_loops_corners, marbit_many_paths, portal_sewer_entry_e,
          uniq_robin
D:4:      layout_cave_pools, nicolae_ru_awakened_eye, serial_shops, shop,
          uniq_grinder
D:5:      layout_gridville, serial_shops, shop, shop, nicolae_shop_trees,
          chequers_serial_rivers_small_b, uniq_eustachio
D:6:      layout_basic, minmay_temple_entry_wispy
D:7:      layout_loops_cross, gammafunk_ghost_cemetery, uniq_maggie
Temple:   hellmonk_temple_divided_pantheon

Skill      XL: |  1  2  3  4  5  6  7  8  9 |
---------------+----------------------------+-----
Earth Magic    | 4 5 7 9 10 11 | 11.3
Spellcasting   | 3 4 5 |  5.0
Armour         | 4 5 |  5.0
Dodging        | |  1.7
Stealth        | |  2.4
Conjurations   | |  0.8

Action                     |  1- 3 |  4- 6 |  7- 9 || total
---------------------------+-------+-------+-------++-------
  Melee: Unarmed           |   182 |       |       ||   182
         Punch             |     1 |     2 |       ||     3
         Dagger            |     8 |    84 |       ||    92
   Fire: Sling             |       |    13 |    40 ||    53
   Cast: Sandblast         |    19 |   102 |    59 ||   180
         Stone Arrow       |       |       |     5 ||     5
Ability: Dig               |     1 |     4 |       ||     5
  Evoke: Wand              |       |     1 |       ||     1
    Use: Scroll            |     6 |     2 |     2 ||    10
         Potion            |       |     1 |       ||     1
 Armour: Chain mail        |   254 |   141 |       ||   395
         Ring mail         |       |     2 |    17 ||    19
         Leather armour    |       |       |     8 ||     8
  Dodge: Dodged            |   111 |    69 |    15 ||   195

Table legend: (Time is in decaauts)
 A = Elapsed time spent in this place.
 B = Non-inter-level travel time spent in this place.
 C = Inter-level travel time spent in this place.
 D = Time resting spent in this place.
 E = Time spent auto-exploring this place.
 F = Levels seen in this place.
 G = Mean time per level.
                   A        B        C        D        E       F      G
               +--------+--------+--------+--------+--------+-----+--------+
         Total |   7244 |   7067 |    177 |      0 |   5325 |   9 |  804.9 |
       Dungeon |   5755 |   5582 |    173 |      0 |   4273 |   7 |  822.1 |
        Temple |      9 |      5 |      4 |      0 |      0 |   1 |    9.0 |
         Sewer |   1479 |   1479 |      0 |      0 |   1052 |   1 | 1479.0 |
               +--------+--------+--------+--------+--------+-----+--------+

Top non-repeatable levels by time:
   Sewer: 1479 daAuts
     D:3: 1210 daAuts
     D:2: 1117 daAuts
     D:1: 872 daAuts
     D:6: 844 daAuts
     D:5: 837 daAuts
     D:4: 583 daAuts
     D:7: 290 daAuts
  Temple: 9 daAuts
